 Dungeon Crawl Stone Soup version 0.28.0 (webtiles) character file.

Game seed: 12100154167154751

87306 bonscott the Prestidigitator (level 15, -4/92 HPs)
             Began as a Vampire Necromancer on Feb 11, 2022.
             Was an Elder of Sif Muna.
             Killed from afar by a will-o-the-wisp (8 damage)
             ... with a foxfire
             ... on level 3 of the Lair of Beasts on Feb 12, 2022.
             The game lasted 04:37:08 (52278 turns).

bonscott the Prestidigitator (Vampire Necromancer) Turns: 52278, Time: 04:37:08

Health: -4/92      AC: 21    Str: 13    XL:     15   Next: 43%
Magic:  28/28      EV: 25    Int: 25    God:    Sif Muna [****..]
Gold:   380        SH: 11    Dex: 15    Spells: 1/32 levels left

rFire   . . .      SeeInvis +   a - +12 eveningstar "Aubergine" {vamp, Stlth+}
rCold   + + .      Faith    .   q - +0 kite shield
rNeg    + + +      Spirit   .   u - +2 acid dragon scales
rPois   ∞          Reflect  .   n - +2 helmet
rElec   .          Harm     .   Q - scarf {shadows}
rCorr   +          Rampage  .   M - +0 pair of gloves
Will    +....                   i - +0 pair of boots
Stlth   +++++.....              T - amulet of the acrobat
HPRegen 0.00/turn               w - +4 ring of protection
MPRegen 0.21/turn               E - +6 ring of intelligence

@: acrobatic, bloodless, inhibited regen
A: bloodless, fangs 3, see invisible, vampiric 2
a: Bat Form, Revivify, Renounce Religion, Channel Magic, Forget Spell, Divine
Exegesis


You were on level 3 of the Lair of Beasts.
You worshipped Sif Muna.
Sif Muna was greatly pleased with you.
You visited 6 branches of the dungeon, and saw 25 of its levels.

You collected 1964 gold pieces.
You spent 1584 gold pieces at shops.

Inventory:

Hand Weapons
 a - the +12 eveningstar "Aubergine" (weapon) {vamp, Stlth+}
   (You bought it in a shop on level 3 of the Dungeon)

   It occasionally heals its wielder for a portion of the damage dealt when it
   wounds a living foe.
   Stlth:     It makes you more stealthy.
 A - a +1 vampiric demon trident
Missiles
 d - 16 poisoned darts
 e - 3 curare-tipped darts
 s - 127 sling bullets
 v - 14 boomerangs of dispersal
 x - 11 boomerangs
 y - 4 javelins
 F - 524 stones
 O - 3 atropa-tipped darts
 Z - 7 throwing nets
Armour
 i - a +0 pair of boots (worn)
 n - a +2 helmet (worn)
 q - a +0 kite shield (worn)
 u - +2 acid dragon scales (worn)
 J - an orb of guile
 L - a +0 buckler
 M - a +0 pair of gloves (worn)
 Q - a scarf of shadows (worn)
Jewellery
 h - a ring of fire
 w - a +4 ring of protection (left hand)
 E - a +6 ring of intelligence (right hand)
 I - a +4 ring of evasion
 R - a ring of wizardry
 T - an amulet of the acrobat (around neck)
 U - an amulet of magic regeneration
Wands
 k - a wand of acid (2)
 t - a wand of charming (3)
 P - a wand of paralysis (7)
 Y - a wand of mindburst (9)
Scrolls
 b - 3 scrolls of fog
 c - 4 scrolls of teleportation
 f - 3 scrolls of torment
 o - a scroll of blinking
 r - 3 scrolls of amnesia
 z - 2 scrolls of silence
 B - 5 scrolls of identify
 D - 2 scrolls of enchant weapon
 G - 4 scrolls of fear
 H - 3 scrolls of enchant armour
 V - a scroll of summoning
 X - 4 scrolls of magic mapping
Potions
 g - 4 potions of attraction
 j - 2 potions of haste
 l - 4 potions of resistance
 m - 3 potions of mutation
 p - a potion of ambrosia
 C - 6 potions of curing
 K - 2 potions of flight
 S - 2 potions of might
 W - 2 potions of heal wounds
Miscellaneous
 N - a phantom mirror


   Skills:
 - Level 10.0 Fighting
 - Level 4.0 Maces & Flails
 - Level 5.0 Throwing
 - Level 10.0 Armour
 - Level 2.1 Dodging
 - Level 3.0 Stealth
 - Level 10.0 Shields
 - Level 9.0 Spellcasting
 - Level 10.0 Necromancy
 + Level 1.8 Translocations
 - Level 9.0 Earth Magic
 - Level 4.0 Invocations
 - Level 10.0 Evocations


You had one spell level left.
You knew the following spells:

 Your Spells              Type           Power      Damage    Failure   Level
a - Apportation           Tloc           40%        N/A       8%          1
d - Animate Dead          Necr           28%        N/A       2%          4
i - Pain                  Necr           100%       1d9       1%          1
l - Lesser Beckoning      Tloc           20%        N/A       22%         3
m - Vampiric Draining     Necr           57%        2d10      1%          3
p - Passwall              Tmut/Erth      27%        N/A       3%          2
s - Stone Arrow           Conj/Erth      66%        3d11      8%          3
u - Dispel Undead         Necr           57%        3d20      2%          4
v - Borgnjor's Vile Clut  Necr/Erth      28%        N/A       9%          5
y - Agony                 Necr           57%        N/A       8%          5

Your spell library contained the following spells:

 Spells                   Type           Power      Damage    Failure   Level
 Animate Skeleton         Necr           100%       N/A       1%          1
 Sandblast                Erth           100%       2d20      1%          1
 Beastly Appendage        Tmut           22%        N/A       16%         1
 Slow                     Hex            44%        N/A       16%         1
 Summon Small Mammal      Summ           44%        N/A       16%         1
 Sublimation of Blood     Necr           57%        N/A       1%          2
 Anguish                  Hex/Necr       18%        N/A       21%         4
 Gell's Gravitas          Tloc           20%        N/A       22%         3
 Teleport Other           Tloc           20%        N/A       22%         3
 Ensorcelled Hibernation  Hex/Ice        22%        N/A       24%         2
 Scorch                   Fire           22%        2d6       24%         2
 Static Discharge         Conj/Air       11%        N/A       24%         2
 Wereblood                Tmut           11%        N/A       24%         2
 Leda's Liquefaction      Hex/Erth       16%        N/A       26%         4
 Petrify                  Tmut/Erth      33%        N/A       26%         4
 Ignite Poison            Fire/Tmut/Pois 11%        N/A       43%         3
 Spider Form              Tmut/Pois      11%        N/A       43%         3
 Swiftness                Air            11%        N/A       43%         3
 Flame Wave               Conj/Fire      11%        2d5       85%         4
 Sticky Flame             Conj/Fire      11%        2d3       85%         4
 Simulacrum               Ice/Necr       18%        N/A       97%         6
 Irradiate                Conj/Tmut      5%         3d15      99%         5
 Silence                  Hex/Air        5%         N/A       99%         5
 Summon Cactus Giant      Summ           5%         N/A       100%        6
 Infestation              Necr           28%        N/A       100%        8


Dungeon Overview and Level Annotations

Branches:
Dungeon (15/15)            Temple (1/1) D:6            Lair (5/6) D:10
  Swamp (1/4) Lair:3        Snake (1/4) Lair:2          Orc (2/2) D:10
    Elf (0/3) Orc:2        Vaults (0/5) D:13         Depths (0/4) D:15
  Slime: Lair:5-6

Altars:
Ashenzari
Cheibriados
Dithmenos
Elyvilon
Fedhas
Gozag
Hepliaklqana
Kikubaaqudgha
Makhleb
Nemelex Xobeh
Okawaru
Qazlal
Ru
Sif Muna
Trog
Uskayaw
Vehumet
Wu Jian
Xom
Yredelemnul
Zin
The Shining One
Beogh

Shops:
D:3 (=[(   D:5 ?   D:14 [   Orc:1 =*!?   Orc:2 ?(?=*

Annotations:
D:15 Roxanne
Lair:4 3 runed translucent doors, Wairalebb's ghost, journeyman BaFi
Lair:5 Rupert
Snake:1 Frances


Innate Abilities, Weirdness & Mutations

You do not regenerate when monsters are visible.
You are frail without blood (-20% HP).
You can heal yourself when you bite living creatures.
You are immune to poison.
You have razor-sharp teeth.
You have supernaturally acute eyesight. (SInv)
You are afflicted with vampirism and can become a bat while bloodless.


Message History

You start resting.
Magic restored.
You start resting.
HP restored.
You climb downwards.
Welcome back to the Swamp!
This branch is very noisy, and so sound travels much less far.
This branch contains the decaying rune of Zot.
The will-o-the-wisp engulfs you but does no damage. x2
There is a staircase back to the Lair here.
The will-o-the-wisp engulfs you but does no damage.
You climb upwards.
Welcome back to the Lair of Beasts!
There is a staircase to the Swamp here.
You hit the will-o-the-wisp.
The will-o-the-wisp is lightly damaged.
The will-o-the-wisp gestures.
The will-o-the-wisp conjures some foxfire! 2 foxfires come into view.
You puncture the will-o-the-wisp!
The will-o-the-wisp is heavily damaged.
The foxfire hits you! The foxfire hits you!! The will-o-the-wisp engulfs you.
The will-o-the-wisp barely misses you.
You sock the will-o-the-wisp!
The will-o-the-wisp is almost destroyed.
The will-o-the-wisp gestures.
The will-o-the-wisp conjures some foxfire! 2 foxfires come into view.
You hit the will-o-the-wisp.
The will-o-the-wisp is almost destroyed.
The foxfire hits you!!
* * * LOW HITPOINT WARNING * * *
The foxfire hits you!!
* * * LOW HITPOINT WARNING * * *
The will-o-the-wisp blinks!
You enter the shallow water.
Moving in this stuff is going to be slow.
The will-o-the-wisp gestures.
The will-o-the-wisp conjures some foxfire! 2 foxfires come into view.
The foxfire hits you!
You die...

####...# ##...P#..............
#...######....##.....[........
##............###.............
#####.....####....##.............
...#...#####.#....#..............
.........#..#....###...........>.
.................###..........÷..
..........#P.....P##.............
.........v♣♣≈≈≈♣@##...........###
........#.v≈§≈§v♣.≈##.##....###
.........♣≈§§§≈≈♣≈≈###......#
........♣♣≈≈≈§§≈§≈♣.........#
........♣≈≈≈§§≈≈≈♣♣.........#
.........♣≈§≈≈≈≈♣....##.....##
...........♣♣≈≈....#.##......#
........##.####..######P....##
.........##.# #### ##.....#


You could see a will-o-the-wisp.

Vanquished Creatures
  Gastronok (Lair:2)
  3 ghouls (D:15)
  A stone giant (Orc:2)
  Josephine (Orc:2)
  An ettin (Orc:2)
  4 vault guards
  2 boulder beetles
  Harold (D:11)
  2 ice dragons (D:15)
  A rakshasa (D:15)
  A centaur warrior (D:15)
  8 hydras
  2 ogre magi (Orc:2)
  A catoblepas (D:13)
  3 dancing weapons (D:14)
  2 alligators (Swamp:1)
  8 two-headed ogres
  Urug (Lair:2)
  4 death yaks (Lair:3)
  A spriggan (Swamp:1)
  Sonja (Lair:1)
  4 skeletal warriors (D:15)
  Nergalle (Lair:2)
  A goliath frog (Lair:3)
  2 deep trolls (Orc:2)
  2 wizards (D:13)
  2 deep elf pyromancers
  A wolf spider zombie (D:15)
  2 orc sorcerers
  12 ugly things
  3 orc knights
  3 manticores
  3 cyclopes
  8 elephants
  2 torpor snails (Lair:2)
  2 gargoyles
  Maggie (Lair:2)
  2 black mambas
  8 cane toads
  A kobold demonologist (D:9)
  A freezing wraith (D:15)
  An efreet (D:15)
  A redback zombie (D:15)
  A yaktaur (D:13)
  4 komodo dragons
  3 rime drakes
  15 trolls
  2 hornets
  A polar bear (Lair:1)
  2 wolf spider simulacra
  18 slime creatures
  3 meliai (D:14)
  Prince Ribbit (D:8)
  A hornet (shapeshifter) (D:14)
  4 dream sheep
  12 blink frogs
  Sigmund (D:3)
  3 humans (D:13)
  2 wyverns (Lair:2)
  35 yaks
  2 basilisks
  4 wraiths
  2 steam dragons
  Grum (D:11)
  4 nagas
  4 acid dragons
  7 water moccasins
  A hornet zombie (D:15)
  18 orc warriors
  3 ice beasts
  A necrophage (D:6)
  2 sky beasts (D:7)
  A black bear (D:6)
  21 ogres
  6 wolves
  10 centaurs
  3 phantoms
  Blork the orc (D:5)
  3 kobold brigands
  3 gnoll sergeants
  6 bullfrogs
  A scorpion (D:5)
  A water moccasin skeleton (D:5)
  11 killer bees
  A wight (D:8)
  7 howler monkeys
  3 electric eels
  9 centaur zombies
  2 gnoll shamans
  A jelly (D:5)
  9 orc priests
  4 hounds
  A centaur skeleton (D:4)
  2 iguanas (D:5)
  31 orc wizards
  A hound skeleton (D:4)
  A howler monkey zombie (D:10)
  A howler monkey skeleton (D:5)
  13 gnolls
  5 adders
  A shadow imp (D:6)
  4 white imps
  An ufetubus (D:7)
  An adder skeleton (D:4)
  58 orcs
  4 ball pythons (D:1)
  5 bats
  4 endoplasms
  2 giant cockroaches
  3 goblins
  4 hobgoblins
  7 jackals
  A quokka (D:3)
  3 frilled lizards
  19 kobolds
  3 rats
547 creatures vanquished.

Vanquished Creatures (collateral kills)
  A two-headed ogre (D:9)
  An orc priest (Orc:1)
  3 orcs
5 creatures vanquished.

Vanquished Creatures (others)
  An orc warrior (Orc:1)
  6 foxfires
  20 fungi
  27 plants
54 creatures vanquished.

Grand Total: 606 creatures vanquished

Notes
Turn   | Place    | Note
-------+----------+-------------------------------------------
     0 | D:1      | bonscott the Vampire Necromancer began the quest for the
                  | Orb.
     0 | D:1      | Reached XP level 1. HP: 13/13 MP: 3/3
   483 | D:1      | Reached XP level 2. HP: 16/19 MP: 1/5
  1351 | D:2      | Gained mutation: You are afflicted with vampirism and can
                  | become a bat while bloodless. [Vampire growth]
  1351 | D:2      | Reached XP level 3. HP: 23/24 MP: 4/7
  1575 | D:2      | Learned a level 3 spell: Vampiric Draining
  1688 | D:2      | Reached skill level 5 in Necromancy
  1891 | D:2      | Found a faded altar of an unknown god.
  1959 | D:2      | Found a shimmering altar of Xom.
  2251 | D:3      | Found Woigaumn's Weapon Shoppe.
  2259 | D:3      | Noticed Sigmund
  2297 | D:3      | Found Meuntuf's Armour Boutique.
  2456 | D:3      | Found Rukawipi's Jewellery Emporium.
  2557 | D:3      | Reached XP level 4. HP: 13/30 MP: 3/9
  2737 | D:3      | Found Qedaul's Weapon Emporium.
  3137 | D:4      | You fall into a shaft and drop 2 floors!
  3137 | D:6      | Found a staircase to the Ecumenical Temple.
  3147 | Temple   | Entered the Ecumenical Temple
  3189 | Temple   | Became a worshipper of Sif Muna the Loreminder
  3211 | D:6      | Noticed a centaur
  3227 | D:5      | Entered Level 5 of the Dungeon
  3227 | D:5      | Noticed a necrophage
  3294 | D:6      | Reached skill level 1 in Armour
  3405 | D:6      | Noticed an ice beast
  3418 | D:6      | Noticed an ice beast
  3449 | D:6      | Killed an ice beast
  3450 | D:6      | Reached XP level 5. HP: 7/35 MP: 1/11
  3567 | D:6      | Killed an ice beast
  3568 | D:6      | Reached skill level 1 in Fighting
  3568 | D:6      | Reached XP level 6. HP: 40/43 MP: 0/12
  4158 | D:6      | Reached skill level 1 in Throwing
  4322 | D:6      | Reached XP level 7. HP: 52/52 MP: 9/13
  4912 | D:5      | Found Tuon's Magic Scroll Boutique.
  5283 | D:5      | Reached XP level 8. HP: 32/60 MP: 1/14
  5617 | D:5      | Reached * piety under Sif Muna
  5942 | D:5      | Reached skill level 5 in Fighting
  6154 | D:5      | Found a stormy altar of Qazlal.
  6154 | D:5      | Found an opulent altar of Gozag.
  6296 | D:5      | Noticed Blork the orc
  6312 | D:5      | Killed Blork the orc
  6313 | D:5      | Reached skill level 5 in Armour
  6661 | D:5      | Bought a scroll of blinking for 90 gold pieces
  6661 | D:5      | Bought a scroll of teleportation for 36 gold pieces
  7373 | D:4      | Found an iron altar of Okawaru.
  7374 | D:4      | Found a basalt altar of Yredelemnul.
  7379 | D:4      | Found a sacrificial altar of Ru.
  7406 | D:4      | Reached skill level 5 in Spellcasting
  7783 | D:7      | Found a broken altar of Ashenzari.
  8088 | D:7      | Reached XP level 9. HP: 66/68 MP: 16/18
  9107 | D:8      | Reached ** piety under Sif Muna
 10408 | D:8      | Noticed Prince Ribbit
 10481 | D:8      | Killed Prince Ribbit
 10951 | D:8      | Found a sparkling altar of Nemelex Xobeh.
 11848 | D:9      | Noticed a kobold demonologist
 12206 | D:9      | Noticed a manticore
 12294 | D:9      | Noticed a hellwing
 12297 | D:9      | Killed a kobold demonologist
 12298 | D:9      | Reached XP level 10. HP: 46/60 MP: 1/19
 12633 | D:9      | Noticed a two-headed ogre
 13695 | D:9      | Learned a level 5 spell: Agony
 13778 | D:9      | Learned a level 2 spell: Passwall
 13780 | D:9      | Learned a level 1 spell: Apportation
 14314 | D:9      | Killed a manticore
 14932 | D:10     | Entered Level 10 of the Dungeon
 15280 | D:10     | Found a staircase to the Lair.
 16009 | D:9      | Reached *** piety under Sif Muna
 16486 | D:9      | Killed a two-headed ogre
 16786 | D:10     | Found a staircase to the Orcish Mines.
 16839 | D:10     | Reached skill level 1 in Evocations
 17586 | D:10     | Found a snail-covered altar of Cheibriados.
 18142 | Lair:1   | Entered Level 1 of the Lair of Beasts
 18183 | Lair:1   | Reached XP level 11. HP: 41/68 MP: 5/21
 18277 | Lair:1   | Noticed an eight-headed hydra
 18978 | Lair:1   | Learned a level 4 spell: Animate Dead
 19423 | Lair:1   | Reached skill level 5 in Evocations
 20095 | Lair:1   | Killed an eight-headed hydra
 20324 | Lair:2   | Reached **** piety under Sif Muna
 21434 | Lair:2   | Noticed Sonja
 21491 | Lair:2   | Noticed Maggie
 21498 | Lair:2   | Killed Maggie
 21830 | Lair:2   | Noticed a four-headed hydra
 21897 | Lair:2   | Noticed a four-headed hydra
 21969 | Lair:2   | Noticed Gastronok
 22019 | Lair:2   | Killed Gastronok
 22020 | Lair:2   | Reached XP level 12. HP: 32/73 MP: 1/24
 22294 | Orc:1    | Entered Level 1 of the Orcish Mines
 22294 | Orc:1    | Found Fogent's Assorted Antiques.
 22294 | Orc:1    | Found Fijafi's Magic Scroll Boutique.
 22622 | Orc:1    | Found Ciokku's Distillery.
 23570 | Orc:1    | Found Tyedaf Ibba's Jewellery Boutique.
 23964 | Orc:2    | Entered Level 2 of the Orcish Mines
 23964 | Orc:2    | Noticed a two-headed ogre
 23964 | Orc:2    | Found Gutwem's Antique Weapon Emporium.
 24084 | Orc:2    | Paralysed by an orc sorcerer for 5 turns
 24089 | Orc:2    | Noticed a two-headed ogre
 24663 | Orc:2    | Noticed an ogre mage
 24664 | Orc:2    | Noticed a two-headed ogre
 24856 | D:11     | Identified the +3 leather armour of Kotu {Int+3}
 24987 | D:11     | Noticed a boulder beetle
 25440 | D:11     | Noticed Harold
 25855 | Lair:1   | Killed Sonja
 26030 | Lair:2   | Found a staircase to the Snake Pit.
 26573 | Lair:2   | Noticed Urug
 26596 | Lair:2   | Killed Urug
 26766 | Lair:2   | Noticed Nergalle
 26766 | Lair:2   | You fall into a shaft and drop 1 floor!
 26838 | Lair:2   | Killed a four-headed hydra
 26883 | Lair:2   | Noticed an eight-headed hydra
 27197 | Lair:2   | Killed an eight-headed hydra
 27482 | Lair:1   | Reached skill level 10 in Evocations
 28232 | Lair:2   | Noticed a seven-headed hydra
 28245 | Lair:2   | Killed a seven-headed hydra
 28442 | Lair:2   | Killed Nergalle
 28443 | Lair:2   | Reached skill level 10 in Fighting
 29058 | Lair:2   | Killed a four-headed hydra
 29059 | Lair:2   | Reached XP level 13. HP: 75/82 MP: 7/25
 30308 | Lair:3   | Found a staircase to the Swamp.
 30877 | Lair:3   | Reached skill level 1 in Shields
 31828 | Lair:4   | Found a runed translucent gate.
 31829 | Lair:4   | Found a runed translucent gate.
 31830 | Lair:4   | Found a runed translucent gate.
 31831 | Lair:4   | Noticed Wairalebb's ghost (journeyman BaFi)
 32266 | Lair:3   | Reached skill level 10 in Armour
 32674 | Lair:4   | Got the Volume of Ashen Poison
 32862 | Lair:3   | Reached skill level 5 in Shields
 32981 | Lair:3   | Reached skill level 1 in Earth Magic
 33815 | Lair:4   | Learned a level 5 spell: Borgnjor's Vile Clutch
 33977 | Lair:5   | Noticed Rupert
 34465 | D:11     | Noticed Grum
 34681 | D:11     | Learned a level 4 spell: Dispel Undead
 35026 | D:11     | Reached skill level 5 in Earth Magic
 35389 | D:11     | Killed Grum
 35530 | D:11     | Killed Harold
 36400 | D:3      | Bought the +12 eveningstar "Aubergine" {vamp, Stlth+} for
                  | 1212 gold pieces
 38599 | D:13     | Reached skill level 1 in Maces & Flails
 39496 | D:13     | Reached XP level 14. HP: 88/88 MP: 10/26
 40171 | D:13     | Found a gate to the Vaults.
 40613 | D:3      | Killed Sigmund
 40622 | D:3      | Bought a +0 pair of boots for 58 gold pieces
 40900 | Orc:2    | Noticed Josephine
 41053 | Orc:1    | Reached skill level 5 in Throwing
 41533 | Orc:2    | Paralysed by an orc sorcerer for 5 turns
 42286 | Orc:2    | Noticed a stone giant
 42870 | Orc:1    | Learned a level 3 spell: Lesser Beckoning
 43441 | Orc:2    | Killed Josephine
 43457 | Orc:1    | Reached skill level 10 in Necromancy
 43826 | Orc:2    | Reached ***** piety under Sif Muna
 43991 | Orc:2    | Found a staircase to the Elven Halls.
 44153 | Orc:2    | Found Nobolidu's Magic Scroll Boutique.
 44168 | Orc:2    | Found Qimmuil's Jewellery Shoppe.
 44169 | Orc:2    | Found Daptuobi's Assorted Antiques.
 44257 | Orc:2    | Killed a stone giant
 44409 | Orc:2    | Found Ateot's Magic Scroll Shop.
 44700 | Orc:2    | Bought a scroll of magic mapping for 49 gold pieces
 44700 | Orc:2    | Bought a scroll of magic mapping for 49 gold pieces
 44718 | Orc:1    | Bought a scroll of blinking for 90 gold pieces
 44976 | D:14     | Received a gift from Sif Muna
 44977 | D:14     | Got Xefepre's Incunabulum of Captivating Dark Rituals {god
                  | gift}
 44982 | D:14     | Learned a level 3 spell: Stone Arrow
 45182 | D:14     | Found a runed translucent door.
 45806 | D:14     | Found Dueceok's Armour Emporium.
 46811 | D:15     | Entered Level 15 of the Dungeon
 46814 | D:15     | Noticed Roxanne
 46982 | D:14     | Reached XP level 15. HP: 92/92 MP: 28/28
 48590 | D:15     | Reached skill level 10 in Shields
 48978 | D:15     | Found a staircase to the Depths.
 49015 | D:15     | Reached skill level 1 in Invocations
 50749 | Snake:1  | Entered Level 1 of the Snake Pit
 50756 | Snake:1  | Noticed Frances
 50797 | Swamp:1  | Entered Level 1 of the Swamp
 51009 | Swamp:1  | Reached skill level 1 in Translocations
 52275 | Lair:3   | HP: 4/92 [will-o-the-wisp/foxfire (22)]
 52278 | Lair:3   | Killed from afar by a will-o-the-wisp

Illustrated notes

Levels and vault maps discovered:
D:1:      dpeg_arrival_pond, layout_basic
D:2:      layout_loops_ring, basic_altar,
          hellmonk_ecumenical_altar_defaced_shrine
D:3:      layout_basic, serial_shops, nicolae_shop_waterfront,
          nicolae_shop_waterfront, shop, shop, uniq_sigmund
D:4:      layout_basic, grunt_temple_overflow_open
D:5:      layout_basic, gammafunk_temple_overflow_elements, serial_shops, shop,
          nicolae_figureground_sparkle, uniq_blork_the_orc
D:6:      layout_cave_pods, minmay_temple_entry_drinking_statues,
          minmay_misc_feat_room
D:7:      layout_basic, evilmike_ruin_ashenzari
D:8:      layout_rooms, marbit_many_paths, minmay_misc_feat_doors,
          uniq_prince_ribbit1
D:9:      layout_gridville, kennysheep_diamond, minmay_increasing_density
D:10:     layout_big_octagon, kennysheep_mini_moat, lair_entry_dummy,
          david_orc_4, minmay_unpleasant_kobolds
D:11:     layout_layer_cave, uniq_grum, uniq_harold
D:12:     layout_long_grid
D:13:     layout_irregular_city, grunt_vaults_entry_fortified, minmay_hedge_maze
D:14:     layout_basic, serial_shops, shop, nicolae_danse_macabre
D:15:     grunt_enter_depths_hoard, layout_loops_ring, serial_undead,
          serial_undead_d, serial_undead_f, serial_undead_e, serial_undead_d,
          corexii_corridor_pit, uniq_roxanne
Temple:   eino_temple_lava
Lair:1:   layout_misc_corridors, dpeg_stationary_puzzle,
          infiniplex_staircase_pool, lemuel_fruit_tree
Lair:2:   layout_cave_pods, minmay_snake_entry_guardpost_small,
          chequers_serial_rivers_room_a, grunt_megastairs_3, uniq_gastronok,
          uniq_urug, uniq_sonja, uniq_nergalle, uniq_maggie
Lair:3:   layout_gridlike, swamp_mist_pool
Lair:4:   layout_gridlike, gammafunk_ghost_necromancy, lemuel_fruit_fields
Lair:5:   layout_hall_layers, minmay_stone_trees_small,
          chequers_serial_rivers_room_a, uniq_rupert
Swamp:1:  layout_basic_swamp, serial_swamp_ruin, evilmike_swamp_ruin_house_2,
          evilmike_swamp_ruin_rubble_1, evilmike_swamp_ruin_house_4,
          swamp_pool4, infiniplex_staircase_pool_2
Snake:1:  layout_layer_cave, minmay_shop_grove, uniq_aizul, uniq_donald,
          uniq_mlioglotl, uniq_frances, uniq_asterion
Orc:1:    layout_caves, serial_shops, shop_statue,
          nicolae_shop_advertising_works [nicolae_subvault_shop_adworks],
          shop_statue, shop, statue_in_the_mist_lemuel
Orc:2:    st_orc_open, layout_caves, serial_shops, nicolae_shop_window_shopping,
          mines2_david, uniq_josephine

Skill      XL: |  1  2  3  4  5  6  7  8  9 10 11 12 13 14 15 |
---------------+----------------------------------------------+-----
Spellcasting   | 3 4 6 7 8 9 |  9.0
Necromancy     | 5 6 8 9 10 | 10.0
Armour         | 2 3 4 5 6 7 8 9 10 | 10.0
Fighting       | 1 3 5 6 7 8 10 | 10.0
Throwing       | 2 3 4 5 |  5.0
Evocations     | 3 8 10 | 10.0
Shields        | 5 8 10 | 10.0
Earth Magic    | 7 9 |  9.0
Maces & Flails | 2 4 |  4.0
Invocations    | 4 |  4.0
Translocations | 1 |  1.8
Dodging        | |  2.1
Stealth        | |  3.0

Action                   |  1- 3 |  4- 6 |  7- 9 | 10-12 | 13-15 || total
-------------------------+-------+-------+-------+-------+-------++-------
Melee: Short sword       |     1 |       |       |       |       ||     1
       Dagger            |     3 |    48 |   277 |    54 |       ||   382
       Bite              |       |     6 |    33 |    96 |    67 ||   202
       Punch             |       |     1 |     4 |    16 |     2 ||    23
       Spear             |       |       |       |   555 |   120 ||   675
       Eveningstar       |       |       |       |       |   252 ||   252
Throw: Dart              |     3 |     5 |    17 |   154 |    79 ||   258
       Stone             |       |     1 |    26 |    30 |   249 ||   306
       Throwing net      |       |       |       |     1 |     1 ||     2
       Javelin           |       |       |       |       |     6 ||     6
       Boomerang         |       |       |       |       |    21 ||    21
 Cast: Pain              |    90 |    24 |   155 |   139 |    48 ||   456
       Vampiric Draining |     1 |     9 |    81 |   222 |   110 ||   423
       Apportation       |       |       |       |    24 |    53 ||    77
       Agony             |       |       |       |    28 |    41 ||    69
       Borgnjor's Vile C |       |       |       |       |   171 ||   171
       Dispel Undead     |       |       |       |       |    41 ||    41
       Passwall          |       |       |       |       |     2 ||     2
       Stone Arrow       |       |       |       |       |    19 ||    19
       Lesser Beckoning  |       |       |       |       |     1 ||     1
 Abil: Exsanguinate      |       |       |     1 |       |       ||     1
Evoke: Wand              |       |       |     5 |    16 |     3 ||    24
  Use: Scroll            |     3 |       |     6 |    14 |     5 ||    28
       Potion            |       |     1 |       |     1 |     3 ||     5
 Stab: Sleeping          |     1 |     2 |     2 |     1 |     5 ||    11
       Distracted        |       |       |       |     1 |     1 ||     2
Armor: Robe              |     6 |     9 |       |       |       ||    15
       Leather armour    |       |    12 |   171 |    36 |       ||   219
       Acid dragon scale |       |       |       |   410 |   349 ||   759
Dodge: Dodged            |    22 |    22 |   277 |   536 |   377 ||  1234
Block: Buckler           |       |       |       |       |   142 ||   142
       Kite shield       |       |       |       |       |    21 ||    21
